 Dungeon Crawl Stone Soup version 0.27.1 (webtiles) character file.

Game seed: 3817483119331636604

183 Urokeeper the Covert (level 5, -4/38 HPs)
             Began as a Vampire Brigand on Aug 27, 2021.
             Killed by nerve-wracking pain
             ... invoked by Grinder
              (5 damage)
             ... on level 3 of the Dungeon.
             The game lasted 00:10:52 (1790 turns).

Urokeeper the Covert (Vampire Brigand)              Turns: 1790, Time: 00:10:52

Health: -4/38      AC:  4    Str: 10    XL:     5   Next: 35%
Magic:  5/5        EV: 12    Int: 14    God:
Gold:   133        SH:  0    Dex: 16    Spells: 3/4 levels left

rFire    . . .     SeeInvis +   a - +2 dagger
rCold    . . .     Faith    .   (no shield)
rNeg     . . .     Spirit   .   b - +0 robe
rPois    .         Reflect  .   (no helmet)
rElec    .         Harm     .   n - +0 cloak
rCorr    .         Rampage  .   (no gloves)
Will     .....                  m - +0 pair of boots
Stlth    ++++......             (no amulet)
HPRegen  0.32/turn              (no ring)
MPRegen  0.09/turn              (no ring)

@: healing quickly
A: alive, fangs 3, see invisible, vampiric 2
a: Exsanguinate


You were on level 3 of the Dungeon.
You visited 1 branch of the dungeon, and saw 3 of its levels.

You collected 133 gold pieces.

Inventory:

Hand Weapons
 a - a +2 dagger (weapon)
Missiles
 d - 8 poisoned darts
 e - 2 curare-tipped darts (quivered)
 l - 7 silver javelins
Armour
 b - a +0 robe (worn)
 c - a +0 cloak
 h - a +0 leather armour
 m - a +0 pair of boots (worn)
 n - a +0 cloak (worn)
Jewellery
 g - an amulet of faith
 j - an amulet of magic regeneration
Scrolls
 f - 4 scrolls of identify {unknown}
 i - a scroll of amnesia {unknown}
 k - a scroll of enchant armour {unknown}
 o - a scroll of blinking {unknown}
 q - a scroll of fog {unknown}
 r - a scroll of teleportation {unknown}
Potions
 p - a potion of magic {unknown}


   Skills:
 + Level 2.0 Fighting
 + Level 3.7 Short Blades
 + Level 2.0 Throwing
 + Level 1.8 Dodging
 + Level 8.4 Stealth


You had 3 spell levels left.
You knew the following spells:

 Your Spells              Type           Power      Damage    Failure   Level
a - Freeze                Ice            0%         1d3       28%         1

Your spell library contained the following spells:

 Spells                   Type           Power      Damage    Failure   Level
 Frozen Ramparts          Ice            0%         1d2       65%         3
 Hailstorm                Conj/Ice       0%         3d3       96%         4


Dungeon Overview and Level Annotations

Branches:
Dungeon (3/15)

Altars:

Shops:
D:3 [

Annotations:
D:3 Grinder


Innate Abilities, Weirdness & Mutations

Your natural rate of healing is accelerated.
You have razor-sharp teeth.
You have supernaturally acute eyesight. (SInv)
You are afflicted with vampirism and can become a bat while bloodless.


Message History

Grinder hits you but does no damage.
You barely miss Grinder. You bite Grinder, but do no damage.
Grinder is lightly wounded.
Grinder barely misses you.
You hit Grinder but do no damage.
Grinder is lightly wounded.
You closely miss Grinder.
Grinder is lightly wounded.
Grinder hits you.
You writhe in agony.
You barely miss Grinder.
Grinder is lightly wounded.
Grinder blinks!
Grinder says, "FISH!"
Grinder barely misses you.
You hit Grinder.
Grinder is lightly wounded.
Grinder barely misses you.
You barely miss Grinder.
Grinder is lightly wounded.
Grinder hits you.
You writhe in agony.
You hit Grinder. You bite Grinder.
Grinder is lightly wounded.
Grinder hits you!
* * * LOW HITPOINT WARNING * * *
You barely miss Grinder.
Grinder is lightly wounded.
Grinder hits you.
* * * LOW HITPOINT WARNING * * *
You writhe in agony.
* * * LOW HITPOINT WARNING * * *
You hit Grinder but do no damage.
Grinder is lightly wounded.
You hit Grinder.
Grinder is moderately wounded.
Grinder misses you.
You barely miss Grinder.
Grinder is moderately wounded.
Grinder gestures at you. Pain shoots through your body!
You die...

## ############ .#
...........############# .#
#.##.# #.@5.............. .#
#.##.# ####.##.##.######. .#
#.##.######.##.##.#
.#######.....##....##.##.######.
......).(.#.....#..........(....
.#.####..###...###...........#..
...##.....#.....#.......#####(#
≈≈..#.........#..(......# #
≈§≈.#.........##.......##


You could see Grinder.

Vanquished Creatures
  An ogre (D:2)
  Jessica (D:2)
  2 adders (D:3)
  2 worms
  A dart slug (D:2)
  An orc (D:3)
  5 bats (D:1)
  6 endoplasms
  2 giant cockroaches (D:1)
  5 goblins
  6 hobgoblins
  A quokka (D:3)
  4 ball pythons
  3 frilled lizards
  4 kobolds
  5 rats
49 creatures vanquished.

Notes
Turn   | Place    | Note
-------+----------+-------------------------------------------
     0 | D:1      | Urokeeper the Vampire Brigand began the quest for the Orb.
     0 | D:1      | Reached XP level 1. HP: 16/16 MP: 1/1
    43 | D:1      | Reached skill level 6 in Stealth
   154 | D:1      | Reached XP level 2. HP: 20/22 MP: 2/2
   749 | D:2      | Noticed an ogre
   772 | D:2      | Gained mutation: You are afflicted with vampirism and can
                  | become a bat while bloodless. [Vampire growth]
   772 | D:2      | Reached XP level 3. HP: 24/27 MP: 3/3
   773 | D:2      | Killed an ogre
   774 | D:2      | Reached skill level 8 in Stealth
   774 | D:2      | Reached XP level 4. HP: 30/33 MP: 4/4
  1114 | D:2      | Noticed Jessica
  1129 | D:2      | Killed Jessica
  1130 | D:2      | Reached XP level 5. HP: 32/38 MP: 5/5
  1488 | D:3      | Learned a level 1 spell: Freeze
  1492 | D:3      | Found Peojaaf's Armour Emporium.
  1756 | D:3      | Noticed Grinder
  1787 | D:3      | HP: 1/38 [Grinder (4)]
  1790 | D:3      | Killed from afar by Grinder

Illustrated notes

Levels and vault maps discovered:
D:1:      nicolae_arrival_washed_ashore, layout_basic
D:2:      layout_loops_ring, grunt_decor_one_mirror, grunt_decor_junction,
          minmay_pentomino_pile, uniq_jessica
D:3:      layout_loops_ring, marbit_many_paths, serial_shops,
          nicolae_lakefront_shop, dreamdust_ecumenical_altar_statues,
          minmay_strange_pillars, dk_noncrumbling_3, uniq_grinder, uniq_ijyb

Skill      XL: |  1  2  3  4  5 |
---------------+----------------+-----
Stealth        | 6 8 |  8.4
Short Blades   | 3 |  3.7
Fighting       | 2 |  2.0
Throwing       | 2 |  2.0
Dodging        | |  1.8

Action                   |  1- 3 |  4- 6 || total
-------------------------+-------+-------++-------
Melee: Dagger            |    63 |    83 ||   146
       Bite              |     2 |    10 ||    12
Throw: Javelin           |     2 |     1 ||     3
       Dart              |     2 |     6 ||     8
 Stab: Sleeping          |     9 |     5 ||    14
Armor: Robe              |    17 |    12 ||    29
Dodge: Dodged            |    31 |    33 ||    64
